 Dungeon Crawl Stone Soup version 0.25.1-2-g60ff931df9 (webtiles) character file.

Game seed: 15594954030927800053

30 HawFromDerth the Chiller (level 3, -12/26 HPs)
             Began as a Draconian Ice Elementalist on Sept 20, 2020.
             Mangled by a hobgoblin
             ... wielding a +1 whip of electrocution
              (18 damage)
             ... on level 1 of the Dungeon.
             The game lasted 00:03:19 (1376 turns).

HawFromDerth the Chiller (DrIE)                     Turns: 1376, Time: 00:03:20

Health: -12/26     AC:  5    Str: 10    XL:     3   Next: 5%
Magic:  6/6        EV: 12    Int: 16    God:
Gold:   33         SH:  0    Dex: 11    Spells: 6/7 levels left

rFire    . . .     SeeInvis .   a - +0 dagger (venom)
rCold    . . .     Gourm    .   (no shield)
rNeg     . . .     Faith    .   (armour unavailable)
rPois    .         Spirit   .   (helmet restricted)
rElec    .         Reflect  .   (no cloak)
rCorr    .         Harm     .   (no gloves)
MR       .....                  (no boots)
Stlth    ++........             (no amulet)
HPRegen  0.08/turn              (no ring)
MPRegen  0.10/turn              (no ring)

@: berserk cooldown, slowed, very slow
A: unfitting armour, cold-blooded, AC +5
a: no special abilities


You were on level 1 of the Dungeon.
You were hungry.

You visited 1 branch of the dungeon, and saw 3 of its levels.

You collected 33 gold pieces.

Inventory:

Hand Weapons
 a - a +0 dagger of venom (weapon)
Jewellery
 g - a cursed amulet of inaccuracy {unknown}
Scrolls
 h - a scroll of enchant weapon
Comestibles
 b - 2 rations


   Skills:
 + Level 2.0 Dodging
 + Level 1.8 Stealth
 + Level 2.5 Spellcasting
 + Level 4.4 Ice Magic


You had 6 spell levels left.
You knew the following spells:

 Your Spells              Type           Power        Failure   Level  Hunger
a - Freeze                Ice            ###.         3%          1    #......

Your spell library contained the following spells:

 Spells                   Type           Power        Failure   Level  Hunger
 Frozen Ramparts          Ice            ###...       10%         3    ###....
 Ozocubu's Armour         Chrm/Ice       #.......     24%         3    ###....
 Hailstorm                Conj/Ice       #.......     61%         4    #####..
 Summon Ice Beast         Ice/Summ       #.......     61%         4    #####..


Dungeon Overview and Level Annotations

Branches:
Dungeon (3/15)

Altars:
Elyvilon


Innate Abilities, Weirdness & Mutations

Your plain brown scales are hard. (AC +5)
You cannot fit into any form of body armour.
You are cold-blooded and may be slowed by cold attacks.


Message History

The hobgoblin hits you with a +1 whip of electrocution.
The hobgoblin barely misses you.
Sorry, you're not good enough to have a special ability.
Sorry, you're not good enough to have a special ability.
You hit the hobgoblin.
The hobgoblin is moderately wounded.
The hobgoblin barely misses you. The hobgoblin misses you.
You barely miss the hobgoblin.
Your tail-slap misses the hobgoblin.
The hobgoblin is moderately wounded.
The hobgoblin closely misses you.
You hit the hobgoblin but do no damage.
Your tail-slap misses the hobgoblin.
The hobgoblin is moderately wounded.
The hobgoblin hits you with a +1 whip of electrocution.
You are electrocuted!
Ouch! That really hurt!
* * * LOW HITPOINT WARNING * * *
The hobgoblin hits you but does no damage.
You are electrocuted!!
Ouch! That really hurt!
You die...

.#####.#........##.#####
...# ##.#.######.#
##.#.####.#.######.#
...#......#....)>..#
########..##########
###....#### ###
####.........## ##..
..............#####.#
####..........รท.@g..#
##......#..#####.# ##
#.........# ##...# #.#
###.......# #h## .#
###.##### .# # ## #.# #
# #.# #.# ###.# ##'##
.#.# ##...##


You could see a hobgoblin.

Vanquished Creatures
  An ooze (D:1)
  A dart slug (D:1)
  A leopard gecko (D:1)
  A ball python (D:1)
  A bat (D:1)
  4 giant cockroaches (D:1)
  3 goblins (D:1)
  A hobgoblin (D:1)
  3 jackals (D:1)
  2 kobolds (D:1)
  3 rats (D:1)
21 creatures vanquished.

Notes
Turn   | Place    | Note
-------+----------+-------------------------------------------
     0 | D:1      | HawFromDerth the Draconian Ice Elementalist began the quest
                  | for the Orb.
     0 | D:1      | Reached XP level 1. HP: 14/14 MP: 3/3
   399 | D:1      | Reached XP level 2. HP: 19/20 MP: 0/5
  1031 | D:1      | You fall into a shaft and drop 1 floor!
  1042 | D:2      | Found a white marble altar of Elyvilon.
  1094 | D:1      | Reached XP level 3. HP: 17/26 MP: 3/6
  1376 | D:1      | Mangled by a hobgoblin

Illustrated notes

Levels and vault maps discovered:
D:1:      dpeg_arrival_tiny_f, layout_loops_corners, nrook_uturn,
          minmay_misc_feat_ornament, hangedman_decor_riveting
D:2:      layout_rooms, elyvilon_altar_3
D:3:      layout_basic, first_ration

Skill      XL: |  1  2 |
---------------+-------+-----
Dodging        | 2 |  2.0
Stealth        | |  1.8
Spellcasting   | |  2.5
Ice Magic      | |  4.4

Action                   || total
-------------------------++-------
Melee: Unarmed           ||     6
       Tailslap          ||     1
       Dagger            ||     3
 Cast: Freeze            ||    35
  Use: Scroll            ||     3
       Potion            ||     2
 Stab: Sleeping          ||     2
  Eat: Chunk             ||     1
Armor: Skin              ||    22
Dodge: Dodged            ||    47
